 Dungeon Crawl Stone Soup version 0.27.1 (webtiles) character file.

Game seed: 1678593866694345374

82 sanka the Distorting Palentonga (level 4, 0/37 HPs)
             Began as a Palentonga Abyssal Knight on Aug 26, 2021.
             Was a Believer of Lugonu.
             Slain by a jackal (1 damage)
             ... on level 1 of the Dungeon.
             The game lasted 00:02:21 (1924 turns).

sanka the Distorting Palentonga (PaAK)              Turns: 1924, Time: 00:02:21

Health: 0/37       AC:  4    Str: 17    XL:     4   Next: 21%
Magic:  7/7        EV:  9    Int: 12    God:    Lugonu [**....]
Gold:   53         SH:  0    Dex: 15    Spells: 3/3 levels left

rFire    . . .     SeeInvis +   k - +0 flail
rCold    . . .     Faith    .   (no shield)
rNeg     . . .     Spirit   .   b - +0 leather armour
rPois    .         Reflect  .   (no helmet)
rElec    .         Harm     .   (no cloak)
rCorr    +         Rampage  .   (no gloves)
Will     .....                  (no barding)
Stlth    +.........             (no amulet)
HPRegen  0.12/turn              h - +6 ring of dexterity
MPRegen  0.10/turn              g - ring of resist corrosion

@: no status effects
A: large, rugged brown scales 3, see invisible, deformed body, roll 1, armoured
tail
a: Rolling Charge, Renounce Religion, Depart the Abyss, Bend Space


You were on level 1 of the Dungeon.
You worshipped Lugonu.
Lugonu was pleased with you.
You visited 1 branch of the dungeon, and saw 3 of its levels.
You visited the Abyss 1 time.

You collected 53 gold pieces.


Innate Abilities, Weirdness & Mutations

You are completely covered in rugged brown scales. (AC +3, +7% HP)
You have supernaturally acute eyesight. (SInv)
Armour fits poorly on your strangely shaped body.
You can roll at nearby foes to attack.
You have a long armoured tail.


   Skills:
 - Level 3.0 Fighting
 - Level 2.0 Axes
 - Level 1.5 Armour
 - Level 0.7 Dodging
 + Level 4.9 Invocations


You had 3 spell levels left.
You didn't know any spells.
Your spell library contained the following spells:

 Spells                   Type           Power      Damage    Failure   Level
 Slow                     Hex            0%         N/A       52%         2
 Static Discharge         Conj/Air       0%         N/A       52%         2
 Confusing Touch          Hex            0%         N/A       75%         3
 Lightning Bolt           Conj/Air       0%         1d11      100%        5
 Yara's Violent Unravell  Hex/Tmut       0%         3d3       100%        5
 Maxwell's Capacitive Co  Air            0%         ∞         100%        8

Inventory:

Hand Weapons
 a - a +1 hand axe
 k - a +0 flail (weapon)
Armour
 b - a +0 leather armour (worn)
 i - a +0 pair of gloves
Magical Staves
 l - a staff of poison
Jewellery
 g - a ring of resist corrosion (right hand)
 h - a +6 ring of dexterity (left hand)
Scrolls
 d - a scroll of torment {unknown}
 m - a scroll of teleportation {unknown}
 n - a scroll of enchant weapon {unknown}
 o - a scroll of blinking {unknown}
 p - a scroll of identify {unknown}
 q - a scroll of fog {unknown}
Potions
 c - 2 potions of ambrosia {unknown}
 e - a potion of berserk rage {unknown}
 f - a potion of haste {unknown}
 j - a potion of degeneration {unknown}

Dungeon Overview and Level Annotations

Branches:
Dungeon (3/15)

Altars:

Shops:
D:2

( ▒▒▒▒▒▒▒▒▒▒▒▒▒▒▒▒▒
▒▒..............▒
..............).▒▒▒▒▒▒▒▒▒▒▒▒▒▒ ▒▒
▒........>.....hH............▒ ▒.
▒..............h▒▒▒▒▒▒▒▒▒▒▒▒.▒▒▒.
▒▒▒▒'▒▒▒........▒ ▒.▒▒▒▒......
▒▒▒..▒▒▒▒+▒..▒▒▒▒ ▒▒▒.▒.....▒▒..
▒.......▒.▒..▒▒▒▒▒▒▒...▒.▒.▒.▒▒.▒
▒.▒.▒▒▒.▒........................
▒.▒..........▒▒▒▒▒▒▒.......▒....▒
▒.▒....▒▒.▒▒.▒ ▒.......▒▒.▒▒▒
▒.▒.▒▒.▒▒.▒▒.▒▒▒▒▒▒▒▒......▒▒.▒▒▒


You could see 2 jackals.


Message History

The jackal bites you.
* * * LOW HITPOINT WARNING * * *
You feel sick.
You are no longer poisoned.
The jackal bites you but does no damage.
The jackal bites you.
* * * LOW HITPOINT WARNING * * *
The jackal barely misses you. The jackal closely misses you.
The jackal completely misses you. The jackal closely misses you.
You see here a +0 robe.
There is a stone staircase leading up here.
The jackal bites you.
* * * LOW HITPOINT WARNING * * *
The jackal bites you.
* * * LOW HITPOINT WARNING * * *
The jackal barely misses you.
You climb upwards.
There is a stone staircase leading down here.
Unknown command.
The jackal barely misses you.
The jackal bites you but does no damage.
The jackal bites you.
* * * LOW HITPOINT WARNING * * *
The jackal bites you but does no damage.
The jackal barely misses you. The jackal completely misses you.
The jackal bites you.
You die...

Action                   |  1- 3 |  4- 6 || total
-------------------------+-------+-------++-------
Melee: Hand axe          |    66 |       ||    66
       Tailslap          |    13 |     6 ||    19
       Flail             |    20 |    26 ||    46
 Abil: Rolling Charge    |       |     1 ||     1
 Stab: Sleeping          |     1 |       ||     1
Armor: Leather armour    |    31 |    17 ||    48
Dodge: Dodged            |    43 |    43 ||    86

Levels and vault maps discovered:
D:1:      lightli_arrival_lavapool, layout_basic,
          shapermc_ecumenical_altar_pompeii
D:2:      layout_loops_cross, serial_shops, shop_statue, uniq_terence
D:3:      layout_loops_ring, kennysheep_okawaru_gauntlet, trog_hazing_becter,
          jmf_multi_god_temple2

Notes
Turn   | Place    | Note
-------+----------+-------------------------------------------
     0 | Abyss:1  | sanka the Palentonga Abyssal Knight began the quest for the
                  | Orb.
     0 | Abyss:1  | Reached XP level 1. HP: 19/19 MP: 2/2
    22 | D:1      | Escaped the Abyss
   273 | D:1      | Reached XP level 2. HP: 24/25 MP: 4/4
   280 | D:1      | Reached skill level 3 in Invocations
   439 | D:1      | Reached ** piety under Lugonu
   782 | D:1      | Reached XP level 3. HP: 25/31 MP: 5/5
   963 | D:1      | Found a faded altar of an unknown god.
  1089 | D:2      | Reached skill level 4 in Invocations
  1313 | D:2      | Noticed Terence
  1320 | D:2      | Killed Terence
  1321 | D:2      | Reached XP level 4. HP: 30/37 MP: 7/7
  1509 | D:2      | Found Exzos's Antique Weapon Shop.
  1916 | D:2      | HP: 2/37 [jackal (2)]
  1924 | D:1      | Slain by a jackal

Vanquished Creatures
  Terence (D:2)
  A worm (D:2)
  A dart slug (D:1)
  5 endoplasms
  8 hobgoblins
  5 jackals
  5 quokkas
  8 ball pythons
  3 bats
  2 frilled lizards (D:1)
  3 goblins
  3 kobolds
  2 rats (D:1)
47 creatures vanquished.
